 Dungeon Crawl Stone Soup version 0.32-a0-314-g526f7d4 (webtiles) character file.

Game seed: 6991340737375563946

226695 hyungi the Slayer (level 18, -7/184 HPs)
             Began as a Minotaur Fighter on Feb 14, 2024.
             Was the Champion of Beogh.
             Mangled by Boldo the orc apostle
             ... wielding a +5 battleaxe of venom
              (21 damage)
             ... on level 4 of the Swamp on Feb 15, 2024.
             The game lasted 00:52:14 (34215 turns).

hyungi the Slayer (Minotaur Fighter)               Turns: 34215, Time: 00:52:14

Health: -7/184     AC: 23    Str: 29    XL:     18   Next: 65%
Magic:  26/26      EV:  9    Int:  7    God:    Beogh [******]
Gold:   3299       SH: 15    Dex:  9    Spells: 17/17 levels left

rFire   + + .        b - +1 broad axe (flame)
rCold   . . .        z - +2 kite shield {rF+}
rNeg    + . .        y - +2 chain mail {rF+}
rPois   +            (helmet restricted)
rElec   .            V - +0 cloak
rCorr   .            k - +0 pair of gloves "Avvecod" {rN+ Stlth+}
SInv    .            R - +1 pair of boots
Will    ++...        W - amulet of regeneration Stlth
                     O - ring of Past Mistakes {Will+ Str+3 Int-2 Slay+4}
HPRegen 1.30/turn    p - ring of poison resistance
MPRegen 0.20/turn

%: no passive effects
@: no status effects
A: walk on water, horns 2, retaliatory headbutt
}: 1/15 runes: gossamer
a: Renounce Religion, Smiting, Recall Apostles, Blood for Blood, Dismiss Boldo,
warrior, Dismiss Wulfoc, wizard, Dismiss Arbeogh, warrior


You were on level 4 of the Swamp.
You worshipped Beogh.
Beogh was exalted by your worship.
You visited 6 branches of the dungeon, and saw 31 of its levels.
You also visited: Bailey and Gauntlet.

You collected 4055 gold pieces.
You spent 756 gold pieces at shops.

Inventory:

Hand Weapons
 a - a +4 broad axe of venom
 b - a +1 broad axe of flaming (weapon)
 c - a +0 broad axe
Missiles
 o - 5 throwing nets
 G - 7 curare-tipped darts
 L - 6 silver javelins
 P - 2 javelins
Armour
 k - the +0 pair of gloves "Avvecod" (worn) {rN+ Stlth+}
   (You found it on level 4 of the Spider Nest)

   rN+:       It protects you from negative energy.
   Stlth+:    It makes you more stealthy.
 y - a +2 chain mail of fire resistance (worn)
 z - a +2 kite shield of fire resistance (worn)
 R - a +1 pair of boots (worn)
 V - a +0 cloak (worn)
Jewellery
 h - a ring of resist corrosion
 p - a ring of poison resistance (right hand)
 r - a ring of see invisible
 O - the ring of Past Mistakes (left hand) {Will+ Str+3 Int-2 Slay+4}
   (You found it in a Gauntlet)

   [ring of slaying]

   Str+3:     It affects your strength (+3).
   Int-2:     It affects your intelligence (-2).
   Slay+4:    It affects your accuracy & damage with ranged weapons and melee
   (+4).
   Will+:     It increases your willpower.
 W - an amulet of regeneration (around neck)
Talismans
 B - a storm talisman
Wands
 x - a wand of paralysis (12)
 F - a wand of acid (6)
 J - a wand of roots (56)
 U - a wand of mindburst (6) (quivered)
Scrolls
 g - 8 scrolls of poison
 l - 13 scrolls of teleportation
 n - 7 scrolls of fog
 s - 3 scrolls of enchant armour
 v - 5 scrolls of revelation
 K - 7 scrolls of blinking
 N - 2 scrolls of immolation
 T - a scroll of summoning
Potions
 e - 16 potions of curing
 f - 10 potions of ambrosia
 i - 4 potions of magic
 j - 7 potions of mutation
 m - 6 potions of enlightenment
 q - 7 potions of heal wounds
 u - 13 potions of brilliance
 A - a potion of attraction
 D - 10 potions of haste
 E - 3 potions of cancellation
 H - 2 potions of invisibility
 I - 3 potions of might
 Q - 3 potions of resistance
 X - a potion of lignification
Miscellaneous
 d - a lightning rod (4/4)
 C - a phantom mirror
 S - a tin of tremorstones (2/2)


   Skills:
 * Level 22.0 Fighting
 * Level 21.9 Axes
 + Level 19.2 Armour
 + Level 16.6 Shields
 + Level 12.5 Invocations


You had 17 spell levels left.
You didn't know any spells.
Your spell library contained the following spells:

 Spells                   Type           Power      Damage    Failure   Level
 Freeze                   Ice            0%         1d3       83%         1
 Slow                     Hex            0%         N/A       83%         1
 Summon Small Mammal      Summ           0%         N/A       83%         1
 Blink                    Tloc           0%         N/A       93%         2
 Call Imp                 Summ           0%         N/A       93%         2
 Lesser Beckoning         Tloc           0%         N/A       93%         2
 Momentum Strike          Conj/Tloc      0%         3d8       93%         2
 Sublimation of Blood     Necr           0%         N/A       93%         2
 Call Canine Familiar     Summ           0%         N/A       99%         3
 Confusing Touch          Hex            0%         N/A       99%         3
 Frozen Ramparts          Ice            0%         1d1       99%         3
 Hailstorm                Conj/Ice       0%         3d5       99%         3
 Sigil of Binding         Hex            0%         N/A       99%         3
 Summon Ice Beast         Ice/Summ       0%         N/A       99%         3
 Tukima's Dance           Hex            0%         N/A       99%         3
 Vampiric Draining        Necr           0%         2d6       99%         3
 Animate Armour           Summ/Erth      0%         N/A       100%        4
 Dimensional Bullseye     Hex/Tloc       0%         N/A       100%        4
 Iskenderun's Mystic Bla  Conj/Tloc      0%         2d3       100%        4
 Passage of Golubria      Tloc           0%         N/A       100%        4
 Summon Blazeheart Golem  Fire/Summ      0%         N/A       100%        4
 Summon Lightning Spire   Summ/Air       0%         N/A       100%        4
 Lee's Rapid Deconstruct  Erth           0%         3d4*      100%        5
 Summon Forest            Summ/Tloc      0%         N/A       100%        5
 Summon Mana Viper        Hex/Summ       0%         N/A       100%        5
 Yara's Violent Unravell  Hex/Alch       0%         3d3       100%        5
 Eringya's Noxious Bog    Alch           0%         4d6       100%        6
 Sculpt Simulacrum        Ice/Alch       0%         N/A       100%        6
 Haunt                    Necr/Summ      0%         N/A       100%        7
 Monstrous Menagerie      Summ           0%         N/A       100%        7
 Ozocubu's Refrigeration  Ice            0%         4d7       100%        7
 Summon Hydra             Summ           0%         N/A       100%        7
 Borgnjor's Revivificati  Necr           0%         N/A       100%        8
 Death's Door             Necr           0%         N/A       100%        9
 Polar Vortex             Ice            0%         N/A       100%        9


Dungeon Overview and Level Annotations

Branches:
Dungeon (15/15)            Temple (1/1) D:5            Lair (5/5) D:10
  Swamp (4/4) Lair:2       Spider (4/4) Lair:3        Slime (0/5) Lair:4
    Orc (2/2) D:11            Elf (0/3) Orc:2        Vaults (0/5) D:14
 Depths (0/4) D:15         Bailey (visited)         Gauntlet (visited)

Altars:
Ashenzari
Cheibriados
Dithmenos
Elyvilon
Fedhas
Gozag
Hepliaklqana
Kikubaaqudgha
Makhleb
Nemelex Xobeh
Okawaru
Qazlal
Ru
Sif Muna
Trog
Uskayaw
Vehumet
Wu Jian
Xom
Yredelemnul
Zin
The Shining One
Jiyva

Shops:
D:13 ?   Orc:2 ([:!


Innate Abilities, Weirdness & Mutations

You can walk on water.
Your facial features are unmistakably orcish.
You have a pair of horns on your head.
You reflexively headbutt those who attack you in melee.


Message History

The six-headed hydra bites you but does no damage. x2
You block the six-headed hydra's attack.
The six-headed hydra bites you but does no damage.
You block the six-headed hydra's attack.
Arbeogh is engulfed in noxious fumes.
Arbeogh hits the six-headed hydra with a +0 long sword of protection!!
Arbeogh slices one of the six-headed hydra's heads off!
The five-headed hydra dies!
Beogh accepts your kill.
Unknown command.
The swamp drake breathes poison at you.
The noxious blast engulfs you but does no damage.
You resist.
Boldo is engulfed in noxious fumes.
Arbeogh is engulfed in noxious fumes.
Unknown command.
You slash the swamp drake! You burn the swamp drake.
You headbutt the swamp drake!!
You kill the swamp drake!
Beogh accepts your kill.
You feel as though your fallen companions have been avenged.
Your followers are invigorated by your prowess.
Boldo is engulfed in noxious fumes.
Boldo appears confused.
Boldo hits you with a +5 battleaxe of venom!!
* * * LOW HITPOINT WARNING * * *
Found a club, 8 stones and a scroll of teleportation.
Arbeogh is engulfed in noxious fumes.
Boldo is engulfed in noxious fumes.
Boldo appears confused.
You see here a swamp drake corpse.
You start resting.
Arbeogh is engulfed in noxious fumes.
Boldo is engulfed in noxious fumes.
You start resting.
Boldo hits you with a +5 battleaxe of venom!!
* * * LOW HITPOINT WARNING * * *
You start resting.
You block Boldo's attack.
You start resting.
Boldo hits you with a +5 battleaxe of venom!!
You die...
Beogh appreciates Boldo's killing of a heretic priest.

##†.♣♣~^.# ♣♣
##~~#####≈.#
♣~
##..##)(?##≈~#
♣. #~†##
~..≈##~~ ♣~
#~~# .§...#≈~
♣~ #≈ #.≈##
.≈~≈# ♣~.
#~.~#$††# .≈.#
♣♣.
#~~†§~~##~~.#
♣~ ###♣#.[~@~♣
~ ##≈oo≈~≈..§♣
~ ###########
~ ~ . .


You could see the friendly Arbeogh the orc apostle (very poisoned) and the
friendly Boldo the orc apostle (strong, confused, very poisoned).

Vanquished Creatures
  Nikola (Spider:1)
  A thorn hunter (Swamp:4)
  A storm dragon (D:15)
  Roxanne (Spider:1)
  6 emperor scorpions
  2 ghost moths (Spider:4)
  An orc warlord (Bailey)
  2 very ugly things
  3 eleionomae
  A broodmother (Spider:3)
  Nessos (Lair:4)
  A minotaur (Gauntlet)
  A bunyip (Swamp:1)
  Snorg (Lair:4)
  An ettin (D:15)
  2 entropy weavers
  A fire dragon (Lair:5)
  2 yaktaur captains (D:15)
  An entropy weaver (shapeshifter) (D:15)
  A rakshasa (D:15)
  15 hydras
  A vault guard (D:14)
  A spriggan air mage (Swamp:2)
  Erica (D:8)
  3 radroaches
  A jorogumo (Spider:3)
  4 alligators
  2 death knights (D:15)
  6 boulder beetles
  9 centaur warriors
  9 two-headed ogres
  A death scarab (Spider:4)
  8 death yaks
  3 demonic crawlers
  A deep elf knight (D:15)
  2 skysharks
  An orc high priest (Orc:2)
  5 pharaoh ants
  3 goliath frogs
  4 skeletal warriors
  An iron troll (Swamp:2)
  4 orb spiders
  A flayed ghost (D:15)
  3 spriggan druids
  An arcanist (D:15)
  8 swamp dragons
  4 bog bodies
  4 orc knights
  A swamp dragon (shapeshifter) (D:15)
  3 deep elf pyromancers
  2 sun moths
  2 lindwurms
  6 steelbarb worms
  14 wolf spiders
  4 spectral wolf spiders (Spider:3)
  A wolf spider zombie (Spider:3)
  An orc sorcerer (Orc:2)
  3 manticores
  13 cyclopes
  3 will-o-the-wisps
  6 ugly things
  A meliai (D:15)
  2 moths of wrath (Spider:4)
  20 elephants
  5 slime creatures
  2 water nymphs (shapeshifter) (D:15)
  5 black mambas
  A cane toad (shapeshifter) (D:15)
  3 gargoyles
  A molten gargoyle (Lair:5)
  4 torpor snails
  6 cane toads
  10 komodo dragons
  5 yaktaurs (D:15)
  2 freezing wraiths (D:15)
  A kobold demonologist (D:13)
  A rime drake (Lair:5)
  2 tengu conjurers
  3 efreet (D:15)
  An ice devil (Spider:3)
  2 trolls
  4 wolf spider simulacra (Spider:3)
  4 polar bears
  5 tyrant leeches
  6 hornets
  16 tarantellas
  2 raiju (Gauntlet)
  15 blink frogs
  2 blink frogs (shapeshifter) (D:15)
  A raiju (shapeshifter) (D:15)
  4 dream sheep (Lair:5)
  18 jumping spiders
  A centaur simulacrum (D:15)
  10 culicivoras
  A wraith (D:7)
  40 yaks
  6 spriggans
  A hog (shapeshifter) (D:15)
  A warg (Orc:1)
  8 wyverns
  42 redbacks
  9 basilisks
  7 vampire mosquitoes
  7 steam dragons
  12 swamp worms
  5 hell hounds
  A meliai simulacrum (D:14)
  20 water moccasins
  An acid dragon (D:11)
  4 swamp drakes
  A sky beast (D:6)
  14 orc warriors
  2 black bears
  3 laughing skulls
  4 ogres
  4 boggarts (Lair:4)
  7 centaurs
  9 wolves
  A phantom (D:5)
  3 kobold brigands
  12 bullfrogs
  A weeping skull (Gauntlet)
  4 scorpions
  A gnoll sergeant (D:7)
  The ghost of gb0801 the Shield-Bearer, a weakling AtFi (D:3)
  16 killer bees
  7 howler monkeys
  5 electric eels
  2 lava snakes (Lair:5)
  2 bombardier beetles (D:5)
  4 jellies
  6 hounds
  18 orc priests
  2 gnoll boudas (D:9)
  6 iguanas
  15 orc wizards
  14 gnolls
  3 adders
  A white imp (D:8)
  6 ufetubi
  An adder zombie (D:2)
  4 dart slugs
  11 orcs
  9 endoplasms
  3 giant cockroaches
  19 goblins
  15 hobgoblins
  18 kobolds
  A quokka (D:1)
  A ball python skeleton (D:2)
  6 bats
  A frilled lizard (D:1)
  4 rats
  A spectral weapon (Swamp:2)
794 creatures vanquished.

Vanquished Creatures (collateral kills)
  Frances (D:12)
  A ghost moth (Spider:4)
  An emperor scorpion (Spider:4)
  3 eleionomae
  A bunyip (Swamp:3)
  A dire elephant (Swamp:2)
  A crystal guardian (D:15)
  An ettin (D:15)
  A shambling mangrove (Swamp:4)
  2 entropy weavers
  Fannar (Lair:2)
  A great orb of eyes (D:15)
  Harold (Lair:2)
  2 ghost crabs
  4 alligators
  An ogre mage (D:15)
  A catoblepas (D:15)
  5 centaur warriors
  7 hydras
  A demonic crawler (Spider:4)
  A boulder beetle (D:12)
  3 death yaks
  3 orc high priests (Orc:2)
  A spriggan berserker (Swamp:3)
  A deep elf knight (Swamp:2)
  4 pharaoh ants
  3 goliath frogs
  2 spriggan druids
  2 orb spiders
  4 bog bodies
  3 swamp dragons
  A deep elf archer (Swamp:2)
  2 steelbarb worms
  2 lindwurms
  An oklob plant (Lair:4)
  An ugly thing (D:11)
  A deep elf pyromancer (D:15)
  5 wolf spiders
  5 manticores
  An orc sorcerer (Orc:2)
  A will-o-the-wisp (Swamp:3)
  A cyclops (D:13)
  Joseph (Lair:1)
  8 elephants
  7 black mambas
  3 slime creatures
  2 torpor snails
  A molten gargoyle (Lair:5)
  2 cane toads
  A gargoyle (D:12)
  6 komodo dragons
  2 kobold demonologists
  An efreet (D:15)
  2 yaktaurs (D:15)
  A red devil (Lair:4)
  A bloated husk (Swamp:2)
  5 tyrant leeches
  2 polar bears
  A wolf spider simulacrum (Spider:3)
  4 tarantellas
  7 blink frogs
  6 jumping spiders
  5 culicivoras
  4 spriggans
  3 wraiths
  A wyvern (Lair:4)
  A basilisk (Lair:5)
  16 redbacks
  6 yaks
  A golden eye (shapeshifter) (D:15)
  3 vampire mosquitoes
  2 wargs (Orc:1)
  2 swamp worms
  An acid dragon (D:13)
  4 water moccasins
  4 orc warriors (Orc:2)
  2 swamp drakes (Swamp:4)
  3 laughing skulls
  A crocodile (shapeshifter) (D:15)
  2 wolves (Lair:1)
  A centaur (D:13)
  An ogre (D:15)
  A scorpion (Lair:3)
  2 bullfrogs
  A killer bee (D:10)
  A howler monkey (D:11)
  3 electric eels (Lair:2)
  2 lava snakes (Lair:5)
  A jelly (Lair:4)
  6 orc priests
  6 orc wizards
  4 orcs
  2 kobolds (D:10)
  16 foxfires
256 creatures vanquished.

Vanquished Creatures (others)
  Sonja (Orc:1)
  15 orc apostles
  3 bloated husks
  A blink frog (Lair:3)
  A culicivora (Spider:1)
  A vampire mosquito (D:15)
  An orc warrior (Orc:2)
  A bullfrog (D:8)
  6 orc priests (Orc:2)
  4 orc wizards (Orc:2)
  6 orcs
  A kobold (D:10)
  112 foxfires
153 creatures vanquished.

Grand Total: 1203 creatures vanquished

Notes
Turn   | Place    | Note
-------+----------+-------------------------------------------
     0 | D:1      | hyungi the Minotaur Fighter began the quest for the Orb.
     0 | D:1      | Reached XP level 1. HP: 19/19 MP: 0/0
    42 | D:1      | Reached XP level 2. HP: 27/27 MP: 1/1
    83 | D:1      | Reached skill level 4 in Fighting
   399 | D:1      | Found a faded altar of an unknown god.
   423 | D:1      | Reached XP level 3. HP: 33/33 MP: 2/2
   707 | D:2      | Identified the +8 spear of Abomination {venom, rC+ rN+
                  | Will-}
   850 | D:2      | Found a shimmering blue altar of Sif Muna.
  1550 | D:3      | Found a runed translucent gate.
  1550 | D:3      | Found a runed translucent gate.
  1550 | D:3      | Found a runed translucent gate.
  1551 | D:3      | Found an opulent altar of Gozag.
  1574 | D:3      | Found a radiant altar of Vehumet.
  1665 | D:3      | Reached XP level 4. HP: 41/41 MP: 3/3
  2113 | D:3      | Noticed gb0801's ghost (weakling AtFi)
  2449 | D:3      | Reached skill level 5 in Fighting
  2449 | D:3      | Reached XP level 5. HP: 44/48 MP: 4/4
  2470 | D:3      | Killed gb0801's ghost
  2660 | D:4      | Reached XP level 6. HP: 56/56 MP: 5/5
  2669 | D:4      | Reached skill level 5 in Axes
  2713 | D:4      | Identified the +1 robe of Fugukhej {*Slow Str+2 Archmagi}
  2807 | D:4      | Reached skill level 6 in Fighting
  2878 | D:4      | Found an opulent altar of Gozag.
  2887 | D:4      | Reached skill level 5 in Armour
  3136 | D:4      | Reached skill level 5 in Shields
  3383 | D:5      | Entered Level 5 of the Dungeon
  3520 | D:5      | Reached XP level 7. HP: 63/63 MP: 6/6
  3528 | D:5      | Found a white marble altar of Elyvilon.
  3667 | D:5      | Found a basalt altar of Yredelemnul.
  3669 | D:5      | Noticed a profane servitor
  3674 | D:5      | Found a glowing golden altar of the Shining One.
  3676 | D:5      | Noticed an angel
  3718 | D:5      | Noticed a yak
  3718 | D:5      | Noticed a yak
  3719 | D:5      | Noticed a yak
  3721 | D:5      | Noticed a yak
  3722 | D:5      | Noticed a yak
  3727 | D:5      | Killed a yak
  3728 | D:5      | Reached skill level 7 in Fighting
  3736 | D:5      | Killed a yak
  3739 | D:5      | Killed a yak
  3740 | D:5      | Reached XP level 8. HP: 49/73 MP: 7/7
  3748 | D:5      | Reached skill level 8 in Fighting
  3976 | D:5      | Found a bloodstained altar of Trog.
  4268 | D:5      | Found a staircase to the Ecumenical Temple.
  4286 | Temple   | Entered the Ecumenical Temple
  4507 | D:6      | Reached skill level 9 in Fighting
  4507 | D:6      | Reached XP level 9. HP: 83/83 MP: 8/8
  4596 | D:6      | Became a worshipper of Beogh the Shepherd
  4923 | D:6      | Found an ornate altar of the Wu Jian Council.
  4976 | D:6      | Found a stormy altar of Qazlal.
  5577 | D:7      | Found an iron altar of Okawaru.
  5714 | D:7      | Noticed a two-headed ogre
  5725 | D:7      | Killed a two-headed ogre
  5726 | D:7      | Reached skill level 10 in Fighting
  5726 | D:7      | Reached skill level 1 in Invocations
  6293 | D:7      | Found a sacrificial altar of Ru.
  6353 | D:8      | Noticed Erica
  6355 | D:8      | Reached skill level 10 in Axes
  6371 | D:8      | Killed Erica
  6372 | D:8      | Reached XP level 10. HP: 30/94 MP: 10/10
  6706 | D:8      | Reached skill level 11 in Fighting
  7093 | D:8      | Noticed a cyclops
  7098 | D:8      | Killed a cyclops
  7172 | D:8      | Reached * piety under Beogh
  7445 | D:8      | Noticed a two-headed ogre
  7460 | D:8      | Killed a two-headed ogre
  7579 | D:8      | Found a shimmering altar of Xom.
  8035 | D:9      | Noticed a two-headed ogre
  8044 | D:9      | Killed a two-headed ogre
  8045 | D:9      | Reached XP level 11. HP: 67/104 MP: 11/13
  8047 | D:9      | Noticed a two-headed ogre
  8052 | D:9      | Killed a two-headed ogre
  8053 | D:9      | Reached skill level 12 in Fighting
  8063 | D:9      | Found a hide-covered altar of Uskayaw.
  8292 | D:9      | Found a bloodstained altar of Trog.
  8310 | D:9      | Reached ** piety under Beogh
  8387 | D:9      | Noticed a purple ugly thing
  8401 | D:9      | Killed a purple ugly thing
  8568 | D:9      | Found a glowing silver altar of Zin.
  8623 | D:9      | Found a shimmering blue altar of Sif Muna.
  8811 | D:9      | Found a snail-covered altar of Cheibriados.
  8894 | D:10     | Entered Level 10 of the Dungeon
  8919 | D:10     | Noticed a sixfirhy
  8993 | D:10     | Found a flagged portal.
  8998 | D:10     | Identified the +1 hand axe of Kacuek {heavy, SInv}
  9001 | Bailey   | Entered a bailey
  9288 | Bailey   | Reached *** piety under Beogh
  9400 | Bailey   | Noticed an orc warlord
  9468 | Bailey   | Killed an orc warlord
  9483 | Bailey   | Identified the +9 shortbow of Tumult {antimagic, +Blink rC-
                  | SInv Stlth+}
  9560 | D:10     | Acquired 746 gold pieces
  9568 | D:10     | Noticed Bogdar
  9571 | D:10     | Found a shadowy altar of Dithmenos.
  9595 | D:10     | Anointed Bogdar the priest as your apostle
  9813 | D:10     | Acquired a manual of Armour
  9863 | D:10     | Reached skill level 13 in Fighting
  9863 | D:10     | Reached skill level 5 in Invocations
 10020 | D:10     | Found a staircase to the Lair.
 10083 | D:10     | Reached skill level 10 in Armour
 10304 | D:10     | Identified the +8 morningstar of Efaerihu {venom, Fly rF+
                  | Str-4 Int+2}
 10304 | D:10     | Noticed Hilgar
 10314 | D:10     | Anointed Hilgar the priest as your apostle
 10687 | D:10     | Noticed a deep elf pyromancer
 10693 | D:10     | Killed a deep elf pyromancer
 10886 | D:11     | Reached skill level 10 in Shields
 10886 | D:11     | Reached XP level 12. HP: 115/115 MP: 13/15
 10956 | D:11     | Noticed a two-headed ogre
 10963 | D:11     | Killed a two-headed ogre
 11058 | D:11     | Found a staircase to the Orcish Mines.
 11058 | D:11     | Noticed a centaur warrior
 11065 | D:11     | Killed a centaur warrior
 11162 | Orc:1    | Entered Level 1 of the Orcish Mines
 11253 | Orc:1    | Noticed Sonja
 11260 | Orc:1    | Killed Sonja
 11469 | Orc:2    | Entered Level 2 of the Orcish Mines
 11510 | Orc:2    | Noticed a two-headed ogre
 11516 | Orc:2    | Killed a two-headed ogre
 11802 | Orc:2    | Found a staircase to the Elven Halls.
 11906 | Orc:2    | Reached **** piety under Beogh
 11928 | Orc:2    | Noticed an orc high priest
 11933 | Orc:2    | Killed an orc high priest
 11934 | Orc:2    | Reached skill level 14 in Fighting
 12051 | Orc:2    | Noticed an orc high priest
 12058 | Orc:2    | Killed an orc high priest
 12136 | Orc:2    | Found Fuilog's Book Shop.
 12136 | Orc:2    | Found Pauch's Weapon Boutique.
 12137 | Orc:2    | Found Jaotil's Antique Armour Boutique.
 12140 | Orc:2    | Noticed an orc high priest
 12143 | Orc:2    | Found Vupo's Distillery.
 12148 | Orc:2    | Killed an orc high priest
 12240 | Orc:2    | Bought a potion of heal wounds for 75 gold pieces
 12244 | Orc:2    | Bought a potion of curing for 45 gold pieces
 12244 | Orc:2    | Bought a potion of haste for 150 gold pieces
 12244 | Orc:2    | Bought a potion of mutation for 120 gold pieces
 12244 | Orc:2    | Bought a potion of invisibility for 120 gold pieces
 12244 | Orc:2    | Bought a potion of might for 60 gold pieces
 12257 | Orc:2    | Noticed an orc high priest
 12263 | Orc:2    | Pacified an orc high priest
 12273 | Orc:2    | Killed an orc high priest
 12874 | Lair:1   | Entered Level 1 of the Lair of Beasts
 12874 | Lair:1   | Noticed Joseph
 12879 | Lair:1   | Your ally Bogdar died
 12886 | Lair:1   | Killed Joseph
 12886 | Lair:1   | Reached ***** piety under Beogh
 12897 | Lair:1   | Noticed Margrim
 12906 | Lair:1   | Anointed Margrim the wizard as your apostle
 13256 | Lair:1   | Reached XP level 13. HP: 125/125 MP: 17/17
 13433 | Lair:1   | Reached skill level 15 in Fighting
 13642 | Lair:2   | Noticed Fannar
 13651 | Lair:2   | Killed Fannar
 13709 | Lair:2   | Reached skill level 15 in Axes
 13830 | Lair:2   | Identified the +7 dagger of Valiance {elec, rN+++ Will-
                  | Str+4 Dex-3}
 13988 | Lair:3   | Identified the +1 pair of gloves "Saodd" {Will- Dex+4
                  | Stlth+}
 14211 | Lair:3   | Your ally Margrim died
 14439 | Lair:3   | Reached skill level 16 in Fighting
 14749 | Lair:3   | Found a hole to the Spider Nest.
 15278 | Lair:4   | Noticed Snorg
 15295 | Lair:4   | Reached ****** piety under Beogh
 15303 | Lair:4   | Killed Snorg
 15304 | Lair:4   | Reached XP level 14. HP: 117/137 MP: 17/19
 15334 | Lair:4   | Identified the +1 robe of Qubair {rC+}
 15345 | Lair:4   | Anointed Morun the wizard as your apostle
 15380 | Lair:4   | Found a gate leading to a gauntlet.
 15390 | Gauntlet | Entered a Gauntlet
 15390 | Gauntlet | Found a transporter.
 15390 | Gauntlet | Found a transporter.
 15496 | Gauntlet | Found a transporter.
 15499 | Gauntlet | Found a transporter.
 15499 | Gauntlet | Found a transporter.
 15499 | Gauntlet | Found a transporter.
 15509 | Gauntlet | Found a transporter.
 15513 | Gauntlet | Found a transporter.
 15523 | Gauntlet | Found a transporter.
 15523 | Gauntlet | Noticed a reaper
 15629 | Gauntlet | Found a transporter.
 15630 | Gauntlet | Found a transporter.
 15639 | Gauntlet | Found a transporter.
 15861 | Gauntlet | Your ally Bogdar died
 15927 | Gauntlet | Identified the ring of Past Mistakes {Will+ Str+3 Int-2
                  | Slay+4}
 15973 | Gauntlet | Identified the staff of Pureah {Fly rC+ Str-5 Int+3 Stlth+
                  | Ice}
 15973 | Gauntlet | Identified the +3 spear "Caetu" {heavy, Fly rPois}
 15974 | Gauntlet | Got Xain Tuytu's Precepts of the Familiar
 16514 | Lair:4   | Found a viscous altar of Jiyva.
 16744 | Lair:4   | Noticed Nessos
 16745 | Lair:4   | Killed Nessos
 16800 | Lair:4   | Found a staircase to the Slime Pits.
 16924 | Lair:4   | Reached skill level 15 in Armour
 17036 | Lair:4   | Reached skill level 17 in Fighting
 17228 | Lair:5   | Entered Level 5 of the Lair of Beasts
 17380 | Lair:5   | Your ally Bogdar died
 17798 | Lair:5   | Your ally Morun died
 18341 | Lair:5   | Reached XP level 15. HP: 147/147 MP: 20/20
 18616 | Lair:5   | Found a large runed translucent door.
 18617 | Lair:5   | Found a large runed translucent door.
 18667 | Lair:5   | HP: 4/148 [poisoned by Boldo]
 18671 | Lair:5   | Anointed Boldo the warrior as your apostle
 19583 | Lair:2   | Found a staircase to the Swamp.
 19964 | Lair:2   | Noticed Harold
 19977 | Lair:2   | Killed Harold
 20577 | D:12     | Reached skill level 18 in Fighting
 21475 | D:12     | Noticed Frances
 21484 | D:12     | Killed Frances
 21759 | D:13     | Found Deqy's Magic Scroll Shop.
 21815 | D:13     | Bought a scroll of blinking for 82 gold pieces
 21815 | D:13     | Bought a scroll of brand weapon for 104 gold pieces
 22926 | D:14     | Found a gate to the Vaults.
 23637 | D:14     | You fall into a shaft and drop 1 floor!
 23637 | D:15     | Entered Level 15 of the Dungeon
 23701 | D:15     | Found a glowing silver altar of Zin.
 23701 | D:15     | Found a shimmering altar of Xom.
 23702 | D:15     | Found a basalt altar of Yredelemnul.
 23730 | D:15     | Reached skill level 10 in Invocations
 23766 | D:15     | Your ally Boldo died
 24082 | D:15     | Found a staircase to the Depths.
 24186 | D:15     | Reached XP level 16. HP: 154/159 MP: 22/22
 24205 | D:15     | Reached skill level 19 in Fighting
 24364 | D:15     | Identified the +10 trident of Deformation {freeze, rPois
                  | rF++ rC+ Dex+2}
 24366 | D:15     | Noticed a storm dragon
 24373 | D:15     | Killed a storm dragon
 24862 | D:15     | Your ally Bogdar died
 25332 | D:15     | Identified the +2 robe "Xysaheam" {rF+ Dex+2}
 25350 | D:15     | HP: 8/160 [poisoned by a red devil]
 26429 | D:15     | Identified the +7 quarterstaff of Harmony {freeze, MP+9
                  | Str-2 Int+4 Stlth+}
 26680 | Spider:1 | Entered Level 1 of the Spider Nest
 27213 | Spider:1 | Identified the granite talisman of the Constellations
                  | {Dex+4}
 27213 | Spider:1 | Noticed Roxanne
 27223 | Spider:1 | Killed Roxanne
 27651 | Spider:1 | Noticed Nikola
 27662 | Spider:1 | Killed Nikola
 27880 | Spider:2 | Reached skill level 20 in Fighting
 27887 | Spider:2 | Your ally Hilgar died
 27899 | Spider:2 | Reached skill level 15 in Shields
 28224 | Spider:2 | Your ally Bogdar died
 28228 | Spider:2 | Reached XP level 17. HP: 146/168 MP: 24/24
 29321 | Spider:3 | Your ally Boldo died
 29328 | Spider:3 | Your ally Hilgar died
 29362 | Spider:3 | Identified the +1 robe of Precision Catastrophes {Rampage
                  | +Blink rC- SInv}
 29375 | Spider:3 | Anointed Wulfoc the wizard as your apostle
 29708 | Spider:4 | Entered Level 4 of the Spider Nest
 30535 | Spider:4 | Your ally Wulfoc died
 30541 | Spider:4 | Your ally Boldo died
 30690 | Spider:4 | HP: 7/172 [emperor scorpion (5)]
 30691 | Spider:4 | Reached skill level 21 in Fighting
 30822 | Spider:4 | Identified the +0 pair of gloves "Avvecod" {rN+ Stlth+}
 30968 | Spider:4 | Got a gossamer rune of Zot
 31137 | Spider:4 | Identified the +1 lajatang "Fiubeu" {flame, rCorr Str-5
                  | Dex+5}
 31588 | Swamp:1  | Entered Level 1 of the Swamp
 31716 | Swamp:1  | Upgraded the game from 0.32-a0-306-gfed3edf to
                  | 0.32-a0-314-g526f7d4
 32296 | Swamp:2  | Your ally Bogdar died
 32298 | Swamp:2  | Reached XP level 18. HP: 172/182 MP: 25/25
 32848 | Swamp:2  | Anointed Arbeogh the warrior as your apostle
 33840 | Swamp:4  | Entered Level 4 of the Swamp
 34188 | Swamp:4  | Reached skill level 22 in Fighting
 34193 | Swamp:4  | Your ally Wulfoc died
 34215 | Swamp:4  | Mangled by Boldo the orc apostle

Illustrated notes

Levels and vault maps discovered:
D:1:      psy_arrival_radial02, layout_basic, basic_ecumenical_altar,
          minivault_14
D:2:      layout_loops_corners, basic_altar, serial_undead, serial_undead_e,
          serial_undead_c, serial_undead_e, serial_undead_c, serial_undead_e,
          serial_undead_d, serial_undead_d, serial_undead_f, minmay_pentomino_z4
D:3:      layout_basic, vehumet_altar_wand_db, ebering_ghost_gozag
D:4:      layout_loops_ring, mainiacjoe_overflow_paths
D:5:      layout_loops_ring, grunt_temple_overflow_holy_war,
          nicolae_overflow_crystal_walls, elyvilon_altar_1,
          minmay_temple_entry_antechambers
D:6:      layout_basic, mainiacjoe_overflow_alcove_4, pf_just_have_faith,
          minmay_fractal_squares_diagonal_5
D:7:      layout_basic, kennysheep_okawaru_gauntlet, lemuel_doored_altar
D:8:      layout_gridville, tgw_xom, uniq_erica
D:9:      layout_rooms, lemuel_coloured_pillars_altar, lemuel_tele_altar,
          kennysheep_little_box, led_sif_book, grunt_decor_clamped,
          minmay_ruined_shrine
D:10:     minmay_distorted_concentric_squares, layout_loops_ring,
          nicolae_dithmenos_shadow_blocks, lair_entry_dummy, enter_bailey_2
D:11:     layout_loops_ring, orc_david_3, grunt_ministairs_3
D:12:     minmay_general_purpose_star, layout_cross, uniq_frances
D:13:     layout_long_grid, minmay_misc_feat_hallway, nicolae_stop_n_shop_2
D:14:     layout_loops_corners, david_vaults_5, kennysheep_doodads,
          st_stairs_14, grunt_ministairs_12
D:15:     hangedman_slaughterboxes
Temple:   hellmonk_temple_micro_hex
Lair:1:   layout_roguey, uniq_joseph
Lair:2:   layout_small_grid, minmay_swamp_entry_eels, st_stairs_3,
          chequers_serial_rivers_micro_c, uniq_fannar, uniq_harold
Lair:3:   layout_regular_city, nicolae_spider_entry_lesser_pyramids,
          kennysheep_catoblepas_arena, grunt_megastairs_5
Lair:4:   layout_long_grid, minmay_slime_entry_pillars, gauntlet_entry_generic,
          minmay_lair_oklob_bushes, kilobyte_rumbling_trees, uniq_snorg,
          uniq_nessos
Lair:5:   cheibrodos_lair_end_hotspot, layout_regular_city
Swamp:1:  layout_basic_swamp, evilmike_swamp_ruin_house_4, swamp_pool_4,
          infiniplex_staircase_pool
Swamp:2:  layout_basic_swamp, nicolae_swamp_triple_paths, swamp_pool_1_2,
          roderic_carrion_pond, beargit_elvish_explorers,
          nicolae_swamp_decorative_isthmus
Swamp:3:  layout_basic_swamp, nicolae_swamp_small_spring, swamp_pool_3
Swamp:4:  swamp_basic_johnstein, layout_basic_swamp, swamp_pool_1_2
Spider:1: layout_spider_delve, uniq_roxanne, uniq_nikola
Spider:2: layout_spider_delve
Spider:3: layout_spider_delve, nicolae_spider_undead_wolf_pack
Spider:4: grunt_spider_rune_circles, nicolae_spider_twisty_arc_passages
Orc:1:    layout_caves, uniq_sonja
Orc:2:    st_orc_mages, layout_caves

Skill      XL: |  1  2  3  4  5  6  7  8  9 10 11 12 13 14 15 16 17 18 |
---------------+-------------------------------------------------------+-----
Fighting       | 4 5 6 7 9 10 11 13 14 16 17 18 20 21 22 | 22.0
Axes           | 3 4 5 7 8 10 11 13 14 16 17 18 20 21 | 21.9
Armour         | 4 5 6 7 8 10 12 14 15 17 18 19 | 19.2
Shields        | 4 5 6 7 8 10 11 12 13 14 15 16 | 16.6
Invocations    | 2 4 5 6 8 9 10 11 12 | 12.5

Action                     |  1- 3 |  4- 6 |  7- 9 | 10-12 | 13-15 | 16-18 || total
---------------------------+-------+-------+-------+-------+-------+-------++-------
  Melee: War axe           |    28 |       |    18 |   275 |       |       ||   321
         Headbutt          |     2 |     6 |    29 |   109 |   197 |   212 ||   555
         Spear             |    18 |    80 |   166 |     4 |     9 |       ||   277
         Broad axe         |       |       |       |   243 |   703 |   806 ||  1752
 Invoke: Convert to Beogh  |       |       |     1 |       |       |       ||     1
         Recruit Apostle   |       |       |       |     3 |     2 |     2 ||     7
         Smiting           |       |       |       |     2 |     4 |       ||     6
         Recall Apostles   |       |       |       |       |     5 |     4 ||     9
         Dismiss Apostle   |       |       |       |       |     2 |     2 ||     4
  Evoke: Wand              |       |       |       |    16 |     4 |     6 ||    26
    Use: Scroll            |     5 |     3 |     2 |     9 |    13 |     3 ||    35
         Potion            |       |       |     3 |       |     1 |     3 ||     7
   Stab: Distracted        |       |       |       |     7 |    10 |    13 ||    30
 Armour: Scale mail        |    23 |    14 |       |       |       |       ||    37
         Ring mail         |       |    12 |    48 |       |       |       ||    60
         Chain mail        |       |       |    12 |   214 |   371 |   785 ||  1382
  Dodge: Dodged            |    19 |    13 |    51 |    66 |   123 |   231 ||   503
  Block: Buckler           |    10 |    11 |    44 |       |       |       ||    65
         Reflection        |       |     3 |     2 |    36 |    36 |    20 ||    97
         Kite shield       |       |       |    34 |   456 |   535 |   645 ||  1670

Table legend: (Time is in decaauts)
 A = Elapsed time spent in this place.
 B = Non-inter-level travel time spent in this place.
 C = Inter-level travel time spent in this place.
 D = Time resting spent in this place.
 E = Time spent auto-exploring this place.
 F = Levels seen in this place.
 G = Mean time per level.
                   A        B        C        D        E       F      G
               +--------+--------+--------+--------+--------+-----+--------+
         Total |  33959 |  32445 |   1514 |   3240 |  24034 |  33 | 1029.1 |
       Dungeon |  16873 |  15975 |    898 |   1240 |  12533 |  15 | 1124.9 |
        Temple |      4 |      4 |      0 |      0 |      0 |   1 |    4.0 |
          Lair |   6925 |   6576 |    349 |    652 |   4837 |   5 | 1385.0 |
         Swamp |   2558 |   2502 |     56 |    186 |   1840 |   4 |  639.5 |
   Spider Nest |   4797 |   4684 |    113 |    987 |   2919 |   4 | 1199.2 |
  Orcish Mines |   1523 |   1428 |     95 |    174 |   1031 |   2 |  761.5 |
        Bailey |    553 |    553 |      0 |      0 |    342 |   1 |  553.0 |
      Gauntlet |    723 |    723 |      0 |      0 |    531 |   1 |  723.0 |
               +--------+--------+--------+--------+--------+-----+--------+

Top non-repeatable levels by time:
    D:15: 2681 daAuts
  Lair:5: 2155 daAuts
Spider:4: 1772 daAuts
    D:10: 1594 daAuts
     D:8: 1503 daAuts
  Lair:2: 1490 daAuts
  Lair:3: 1414 daAuts
  Lair:4: 1227 daAuts
Spider:1: 1207 daAuts
    D:14: 1188 daAuts
 Swamp:2: 1170 daAuts
     D:3: 1128 daAuts
    D:11: 1088 daAuts
     D:5: 1082 daAuts
     D:9: 1049 daAuts
